AoeStats
← Misifu

Black Forest

510127772Analyzed
4v4 RM · 1d ago on Sep 29, 2026· 58m 40s· 8 players
Game mode
Random Map
Map size
Large (8 player)
Population
200
Speed
Normal
Resources
Standard
Victory
Conquest
Starting age
Dark Age
Ending age
Imperial Age
RankedLock teamsTeams togetherTeam positionsShared explorationLock speedFull tech treeHidden civsTurbo modeCheats
Victory
Defeat
🇨🇳 Magyars · China
743
+14
🇨🇴 Cumans · Colombia
712
+16
🇵🇪 Turks · Peru
700
+16
🇦🇷 Lithuanians · Argentina
609
+20
🇹🇷 Spanish · Türkiye
744
-18
🇹🇷 Britons · Türkiye
709
-17
🇹🇷 Franks · Türkiye
693
-16
🇷🇴 Persians · Romania
677
-15
Adrian_kiss99
0:34 Loom
13:20 Feudal Age
14:30 Wheelbarrow
13:42 Horse Collar
14:14 Double-Bit Axe
15:18 Scale Barding Armor
16:49 Gold Mining
18:25 Stone Mining
21:22 Forging
27:28 Castle Age
26:01 Bloodlines
28:10 Hand Cart
28:13 Bow Saw
28:20 Caravan
29:15 Iron Casting
30:43 Stone Shaft Mining
30:35 Chain Barding Armor
33:08 Gold Shaft Mining
33:00 Husbandry
34:09 Heavy Plow
38:38 Imperial Age
40:01 Plate Barding Armor
40:27 Blast Furnace
39:35 Kamandaran
39:01 Cavalier
43:10 Elite War Elephant
47:15 Two-Man Saw
46:51 Crop Rotation
46:52 Savar
Valar Dohaeris
0:27 Loom
14:15 Feudal Age
15:37 Wheelbarrow
14:48 Town Watch
14:51 Double-Bit Axe
24:18 Castle Age
22:27 Gold Mining
22:29 Stone Mining
25:09 Scale Barding Armor
25:15 Forging
27:19 Bow Saw
32:55 Caravan
33:41 Hand Cart
36:50 Imperial Age
35:06 Gold Shaft Mining
36:04 Chain Barding Armor
36:20 Iron Casting
36:32 Padded Archer Armor
36:23 Fletching
37:39 Husbandry
37:58 Squires
37:19 Pikeman
37:22 Cavalier
38:50 Ballistics
38:36 Siege Engineers
38:12 Treadmill Crane
38:43 Masonry
39:34 Chemistry
39:40 Blast Furnace
38:56 Leather Archer Armor
38:27 Capped Ram
38:33 Capped Ram
39:43 Elite Skirmisher
41:47 Paladin
42:57 Conscription
44:52 Chivalry
45:29 Hoardings
45:28 Architecture
47:12 Bodkin Arrow
「 ⭕⃤ VobArch 」
0:36 Loom
11:11 Feudal Age
11:38 Double-Bit Axe
12:43 Wheelbarrow
13:52 Horse Collar
14:16 Town Watch
16:40 Stone Mining
16:47 Gold Mining
21:32 Castle Age
20:43 Fletching
20:53 Padded Archer Armor
22:58 Hand Cart
22:54 Caravan
23:13 Bow Saw
25:01 Town Patrol
25:43 Gold Shaft Mining
25:11 Heavy Plow
27:13 Town Patrol
28:28 Crossbowman
30:47 Yeomen
35:11 Imperial Age
34:11 Bodkin Arrow
35:15 Leather Archer Armor
37:51 Two-Man Saw
37:50 Hoardings
37:22 Bracer
37:52 Ring Archer Armor
38:03 Ring Archer Armor
38:51 Ballistics
39:32 Chemistry
38:41 Arbalester
39:54 Heated Shot
40:26 Murder Holes
40:52 Warwolf
43:25 Siege Engineers
43:31 Masonry
Azizz
0:30 Loom
12:25 Feudal Age
13:58 Wheelbarrow
13:49 Double-Bit Axe
14:07 Gold Mining
14:02 Horse Collar
18:14 Stone Mining
24:37 Castle Age
26:19 Stone Shaft Mining
25:59 Bow Saw
25:55 Heavy Plow
26:06 Caravan
26:38 Coinage
29:47 Hand Cart
31:58 Masonry
37:08 Imperial Age
34:42 Town Watch
36:11 Murder Holes
36:28 Fortified Wall
37:07 Town Patrol
38:08 Ballistics
38:06 Forging
37:57 Scale Mail Armor
38:02 Scale Barding Armor
37:49 Fletching
37:59 Padded Archer Armor
38:33 Banking
38:17 Guilds
38:00 Arson
38:16 Squires
37:38 Pikeman
38:04 Gambesons
37:39 Man-at-Arms
38:23 Husbandry
39:59 Chemistry
38:48 Cavalier
38:51 Light Cavalry
40:45 Onager
41:24 Hussar
42:14 Bloodlines
43:31 Two-Man Saw
43:28 Long Swordsman
46:11 Iron Casting
45:58 Chain Barding Armor
45:53 Chain Mail Armor
45:34 Bodkin Arrow
45:55 Leather Archer Armor
53:03 Halberdier
Balardroch
0:32 Loom
14:15 Feudal Age
18:34 Double-Bit Axe
19:50 Horse Collar
25:09 Castle Age
25:50 Heavy Plow
26:42 Bow Saw
28:36 Caravan
29:32 Wheelbarrow
32:13 Imperial Age
30:06 Caravan
31:51 Hand Cart
31:21 Town Watch
33:54 Fletching
34:04 Padded Archer Armor
34:19 Forging
34:10 Scale Mail Armor
33:32 Pikeman
34:13 Squires
33:58 Arson
34:25 Stone Mining
34:28 Gold Mining
36:52 Parthian Tactics
36:51 Masonry
37:33 Crop Rotation
38:42 Gold Shaft Mining
39:07 Town Patrol
39:51 Conscription
41:40 Steppe Husbandry
42:02 Bodkin Arrow
42:22 Leather Archer Armor
42:43 Iron Casting
42:28 Chain Mail Armor
43:59 Two-Man Saw
44:08 Ring Archer Armor
44:29 Ballistics
45:10 Chemistry
43:56 Halberdier
45:52 Blast Furnace
46:18 Plate Mail Armor
49:50 Heavy Cavalry Archer
54:44 Elite Steppe Lancer
55:37 Bloodlines
56:49 Scale Barding Armor
58:47 Chain Barding Armor
Misifu
0:28 Loom
17:26 Feudal Age
21:29 Castle Age
19:18 Double-Bit Axe
19:16 Horse Collar
32:05 Treadmill Crane
35:04 Imperial Age
32:44 Heavy Plow
32:47 Stone Mining
34:05 Wheelbarrow
34:09 Bow Saw
35:09 Caravan
35:37 Ballistics
37:26 Hand Cart
37:24 Gold Mining
38:45 Gold Shaft Mining
39:17 Two-Man Saw
38:18 Town Watch
39:05 Fortified Wall
41:45 Artillery
41:53 Elite Janissary
42:28 Fletching
42:38 Padded Archer Armor
43:03 Town Patrol
46:42 Bodkin Arrow
47:02 Leather Archer Armor
51:32 Bracer
52:02 Ring Archer Armor
54:48 Scale Barding Armor
54:54 Forging
55:59 Conscription
56:12 Bloodlines
56:03 Husbandry
59:36 Iron Casting
59:22 Chain Barding Armor
Luciano24cm
5:48 Loom
9:21 Feudal Age
9:54 Double-Bit Axe
21:12 Castle Age
19:32 Gold Mining
19:24 Horse Collar
22:21 Bow Saw
26:53 Fervor
27:07 Fervor
32:18 Imperial Age
31:15 Wheelbarrow
30:26 Town Watch
30:49 Heavy Plow
31:03 Stone Mining
31:59 Coinage
31:54 Town Patrol
32:56 Stone Shaft Mining
33:36 Hand Cart
34:08 Crop Rotation
34:59 Two-Man Saw
34:07 Scale Barding Armor
34:20 Onager
35:49 Chain Barding Armor
35:39 Forging
36:43 Bloodlines
36:33 Husbandry
37:17 Plate Barding Armor
38:16 Iron Casting
37:32 Fletching
37:42 Padded Archer Armor
38:32 Fortified Wall
38:17 Murder Holes
39:31 Elite Leitis
42:27 Clinker Construction
42:29 Careening
44:34 Hill Forts
44:35 Tower Shields
45:10 Hoardings
44:55 Conscription
52:54 Guilds
53:14 Banking
52:45 Caravan
54:38 Caravan
56:49 Carvel Hull
56:50 Dry Dock
56:41 Masonry
56:22 Guard Tower
57:33 Chemistry
GMTY0712
7:58 Loom
11:36 Feudal Age
18:22 Castle Age
17:41 Horse Collar
17:47 Double-Bit Axe
19:25 Heavy Plow
21:18 Bow Saw
21:17 Scale Barding Armor
21:12 Gold Mining
21:12 Stone Mining
23:07 Chain Barding Armor
24:20 Stone Mining
31:06 Fletching
31:16 Padded Archer Armor
33:42 Gold Shaft Mining
37:37 Imperial Age
35:29 Bodkin Arrow
35:49 Leather Archer Armor
37:55 Wheelbarrow
37:06 Town Watch
38:13 Corvinian Army
38:54 Conscription
38:37 Recurve Bow
39:19 Plate Barding Armor
38:45 Bracer
39:16 Ring Archer Armor
38:27 Elite Magyar Huszar
40:45 Two-Man Saw
40:19 Crop Rotation
40:15 Crossbowman
41:00 Thumb Ring
41:21 Parthian Tactics
40:19 Elite Skirmisher
41:39 Hoardings
40:56 Treadmill Crane
41:37 Ballistics
41:30 Masonry
42:21 Chemistry
42:15 Hand Cart
42:01 Town Patrol
42:26 Town Patrol
42:50 Caravan
42:20 Arbalester
43:34 Scale Mail Armor
43:05 Pikeman
43:31 Arson
45:02 Chain Mail Armor
45:37 Coinage
45:16 Halberdier
48:45 Man-at-Arms
49:03 Sappers
49:48 Long Swordsman
50:27 Herbal Medicine
50:51 Block Printing
50:39 Devotion
51:42 Two-Handed Swordsman
52:33 Siege Engineers
52:23 Murder Holes
52:20 Guard Tower
53:31 Champion
Connection lost

Rejoining the realm…

Still unreachable

The connection could not be restored.

Session expired

The server has moved on; the page needs a fresh start.